AoeStats
← DZT_白霜魔头

Black Forest

510524879Analyzed
4v4 RM · 18h ago on Oct 1, 2026· 40m 50s· 8 players
Game mode
Random Map
Map size
Large (8 player)
Population
200
Speed
Normal
Resources
Standard
Victory
Conquest
Starting age
Dark Age
Ending age
Imperial Age
RankedLock teamsTeams togetherTeam positionsShared explorationLock speedFull tech treeHidden civsTurbo modeCheats
Victory
Defeat
🇨🇳 Turks · China
1777
+11
1682
+15
🇨🇳 Spanish · China
1663
+16
🇨🇳 Lithuanians · China
1577
+20
🇨🇿 Aztecs · Czechia
1757
-19
🇩🇿 Wu · Algeria
1654
-15
🇨🇳 Ethiopians · China
1648
-15
🇨🇳 Khmer · China
1600
-13
DZT_白霜魔头
9:44 Feudal Age
10:27 Double-Bit Axe
11:48 Loom
16:33 Wheelbarrow
20:36 Castle Age
18:20 Fishing Lines
19:21 Gold Mining
21:20 Gillnets
21:42 Bow Saw
22:09 Gold Shaft Mining
24:44 Imperial Age
25:47 Guilds
25:52 Padded Archer Armor
26:12 Town Watch
28:34 Leather Archer Armor
33:01 Ring Archer Armor
35:22 Coinage
35:32 Devotion
35:16 Capped Ram
36:47 Hand Cart
37:15 Banking
37:38 Siege Ram
我一日三十分寝男
4:56 Loom
13:41 Feudal Age
18:28 Castle Age
lemon tea
12:27 Feudal Age
13:49 Double-Bit Axe
16:30 Castle Age
14:18 Horse Collar
17:43 Bow Saw
17:16 Fishing Lines
19:18 Heavy Plow
19:27 Gillnets
20:16 Wheelbarrow
20:39 Loom
20:40 Town Watch
23:10 Hand Cart
22:54 Gold Mining
24:20 Stone Mining
25:55 Stone Shaft Mining
29:15 Imperial Age
28:33 Scale Barding Armor
28:38 Forging
28:32 Padded Archer Armor
28:58 Masonry
29:44 Scale Barding Armor
29:50 Forging
31:01 Chemistry
30:24 Conscription
30:08 Inquisition
30:43 Hoardings
30:49 Coinage
30:29 Guilds
31:24 Two-Man Saw
30:09 Onager
31:52 Block Printing
32:06 Chain Barding Armor
32:36 Architecture
31:42 Cavalier
32:22 Husbandry
32:33 Bloodlines
33:20 Iron Casting
33:53 Plate Barding Armor
33:19 Paladin
36:36 Blast Furnace
36:56 Caravan
37:22 Light Cavalry
39:28 Capped Ram
钓鱼佬
2:13 Loom
13:33 Feudal Age
14:19 Double-Bit Axe
17:37 Castle Age
15:59 Man-at-Arms
17:07 Scale Mail Armor
17:33 Horse Collar
18:01 Long Swordsman
24:31 Bow Saw
25:55 Bloodlines
25:45 Husbandry
26:27 Wheelbarrow
26:05 Scale Barding Armor
27:06 Town Watch
28:15 Gold Mining
29:51 Hand Cart
31:22 Chain Barding Armor
31:13 Forging
33:48 Iron Casting
36:59 Imperial Age
35:51 Iron Casting
35:07 Fletching
35:17 Padded Archer Armor
35:15 Elite Skirmisher
36:01 Thumb Ring
39:00 Two-Man Saw
38:37 Leather Archer Armor
38:17 Bodkin Arrow
40:25 Ring Archer Armor
39:56 Bracer
41:08 Chemistry
40:29 Ballistics
Franczesco
11:27 Feudal Age
14:58 Castle Age
13:19 Double-Bit Axe
14:01 Gold Mining
16:02 Bow Saw
19:16 Sanctity
22:51 Loom
23:42 Wheelbarrow
22:54 Horse Collar
24:30 Redemption
24:35 Heavy Plow
26:39 Fervor
29:59 Imperial Age
27:57 Atonement
28:25 Devotion
28:25 Herbal Medicine
29:18 Hand Cart
33:06 Imperial Age
30:24 Town Watch
34:08 Faith
34:05 Block Printing
34:16 Illumination
34:30 Theocracy
34:27 Treadmill Crane
36:22 Fletching
37:11 Caravan
37:23 Bodkin Arrow
37:51 Conscription
hl.exe
0:43 Loom
1:04 Loom
13:27 Feudal Age
15:12 Wheelbarrow
14:24 Double-Bit Axe
14:20 Horse Collar
19:51 Castle Age
19:13 Fishing Lines
23:14 Bow Saw
30:40 Fletching
31:05 Stone Mining
32:16 Hand Cart
32:07 Bodkin Arrow
32:35 Red Cliffs Tactics
33:22 Padded Archer Armor
35:31 Scale Mail Armor
35:41 Forging
39:36 Imperial Age
38:46 Hand Cart
39:14 Leather Archer Armor
39:20 Ballistics
39:17 Masonry
40:20 Bracer
39:43 Elite Fire Archer
40:44 Conscription
41:36 Chemistry
SAVIOR
11:02 Feudal Age
11:13 Feudal Age
15:43 Castle Age
13:47 Double-Bit Axe
17:07 Bow Saw
17:06 Fishing Lines
17:39 Loom
19:13 Wheelbarrow
23:27 Hand Cart
22:54 Horse Collar
27:59 Imperial Age
25:37 Fletching
25:48 Padded Archer Armor
26:24 Bodkin Arrow
27:28 Leather Archer Armor
27:35 Ballistics
28:12 Crossbowman
28:19 Onager
29:22 Conscription
29:04 Bracer
30:14 Chemistry
29:29 Caravan
29:28 Arbalester
31:03 Ring Archer Armor
30:53 Gold Mining
30:56 Stone Mining
31:09 Scale Mail Armor
31:28 Thumb Ring
31:01 Halberdier
31:42 Squires
31:28 Arson
31:30 Capped Ram
32:46 Chain Mail Armor
32:41 Forging
33:58 Plate Mail Armor
33:56 Torsion Engines
33:34 Man-at-Arms
35:29 Iron Casting
38:32 Blast Furnace
38:40 Scale Barding Armor
39:06 Town Watch
39:49 Siege Onager
雾枝
1:35 Loom
8:10 Feudal Age
15:38 Fletching
18:01 Double-Bit Axe
17:59 Horse Collar
22:54 Castle Age
24:25 Bow Saw
24:53 Wheelbarrow
24:36 Stone Mining
25:24 Heavy Plow
25:02 Elite Skirmisher
27:35 Bodkin Arrow
28:06 Padded Archer Armor
28:53 Ballistics
30:08 Leather Archer Armor
38:14 Scale Barding Armor
38:59 Gold Mining
39:36 Bloodlines
40:39 Husbandry
41:06 Forging
Connection lost

Rejoining the realm…

Still unreachable

The connection could not be restored.

Session expired

The server has moved on; the page needs a fresh start.